 Dungeon Crawl Stone Soup version 0.28-a0-655-g4eb62b627b (webtiles) character file.

Game seed: 8350349234189976568

936 sanka the Agent of Entropy (level 7, -2/58 HPs)
             Began as a Palentonga Abyssal Knight on Oct 12, 2021.
             Was a Priest of Lugonu.
             Slain by a water moccasin (7 damage)
             ... on level 5 of the Dungeon.
             The game lasted 00:07:08 (4870 turns).

sanka the Agent of Entropy (PaAK)                   Turns: 4870, Time: 00:07:09

Health: -2/58      AC: 12    Str: 17    XL:     7   Next: 87%
Magic:  13/13      EV: 10    Int: 11    God:    Lugonu [***...]
Gold:   206        SH:  0    Dex: 17    Spells: 6/6 levels left

rFire   . . .      SeeInvis +   q - +2 whip (elec)
rCold   . . .      Faith    .   (no shield)
rNeg    . . .      Spirit   .   b - +0 leather armour
rPois   .          Reflect  .   (no helmet)
rElec   .          Harm     .   w - +0 cloak {rCorr}
rCorr   +          Rampage  .   (no gloves)
Will    .....                   (no barding)
Stlth   +.........              p - amulet of regeneration
HPRegen 1.19/turn               y - ring of wizardry
MPRegen 0.13/turn               t - +6 ring of dexterity

@: lethally poisoned (-2 -> -5), curled up
A: large, rugged brown scales 3, see invisible, deformed body, roll 1, armoured
tail, reflexive curl
a: Rolling Charge, Renounce Religion, Depart the Abyss, Bend Space, Banish


You were on level 5 of the Dungeon.
You worshipped Lugonu.
Lugonu was most pleased with you.
You visited 1 branch of the dungeon, and saw 5 of its levels.
You visited the Abyss 1 time.

You collected 206 gold pieces.


Innate Abilities, Weirdness & Mutations

You are completely covered in rugged brown scales. (AC +3, +7% HP)
You have supernaturally acute eyesight. (SInv)
Armour fits poorly on your strangely shaped body.
You can roll at nearby foes to attack.
You have a long armoured tail.
You curl defensively after being hit.


   Skills:
 + Level 4.9 Fighting
 - Level 2.0 Axes
 - Level 1.5 Armour
 + Level 3.2 Dodging
 - Level 8.0 Invocations


You had 6 spell levels left.
You didn't know any spells.
Your spell library contained the following spells:

 Spells                   Type           Power      Damage    Failure   Level
 Sublimation of Blood     Necr           0%         N/A       26%         2
 Wereblood                Tmut           0%         N/A       26%         2
 Summon Hydra             Summ           0%         N/A       100%        7

Inventory:

Hand Weapons
 a - a +1 hand axe
 f - a +0 hand axe of venom
 q - a +2 whip of electrocution (weapon)
 x - a +4 quarterstaff of chaos
Missiles
 i - 42 poisoned darts
Armour
 b - a +0 leather armour (worn)
 w - a +0 cloak of preservation (worn)
Jewellery
 p - an amulet of regeneration (around neck)
 t - a +6 ring of dexterity (right hand)
 y - a ring of wizardry (left hand)
Wands
 m - a wand of acid (7)
 A - a wand of iceblast (13)
Scrolls
 c - 2 scrolls of fog {unknown}
 g - a scroll of identify {unknown}
 j - 2 scrolls of teleportation {unknown}
 k - 2 scrolls of enchant weapon {unknown}
 l - a scroll of torment {unknown}
 n - a scroll of amnesia {unknown}
 r - a scroll of silence {unknown}
 s - a scroll of enchant armour {unknown}
 u - a scroll of blinking {unknown}
 v - a scroll of noise {unknown}
 z - a scroll of holy word {unknown}
Potions
 d - a potion of lignification {unknown}
 e - a potion of curing {unknown}
 h - a potion of heal wounds {@q2}
 o - a potion of attraction {unknown}

Dungeon Overview and Level Annotations

Branches:
Dungeon (5/15)             Temple (0/1) D:4

Altars:

▒.....▒▒(▒▒▒.▒.........
▒.....▒▒.▒ ▒.▒.▒▒▒.▒...
▒.....▒▒.▒ ▒...▒ ...▒.
▒.....▒▒.▒ ▒▒... ....
▒.....▒▒.▒ ... ...▒.
▒.▒▒▒...▒▒▒.▒
▒▒.........
▒......▒▒▒.▒ ▒...▒.
▒.▒▒...)....▒ .....
▒▒▒▒..H..▒ ...▒.
▒...S.▒ ...>. +.....▒
▒▒.. ▒....... .▒▒▒▒▒▒.▒
......... .........
.▒....▒▒▒▒▒ ▒▒▒▒▒▒.▒
........ ▒.▒ ▒..▒.▒▒▒▒
▒.▒ ▒.▒


You could see a water moccasin.


Message History

It was a potion of heal wounds.
You feel extremely sick. The water moccasin barely misses you.
You closely miss the water moccasin.
The water moccasin is severely wounded.
You feel very sick.
The water moccasin bites you but does no damage.
The water moccasin barely misses you.
Unknown command.
Your leather armour prevents you from hitting the water moccasin.
Your tail-slap misses the water moccasin.
The water moccasin is severely wounded.
You feel very sick. The water moccasin bites you.
* * * LOW HITPOINT WARNING * * *
Unknown command.
You barely miss the water moccasin.
Your tail-slap misses the water moccasin.
The water moccasin is severely wounded.
You feel very sick. The water moccasin bites you.
* * * LOW HITPOINT WARNING * * *
The water moccasin closely misses you.
Unknown command.
You miss the water moccasin.
The water moccasin is severely wounded.
* * * LOW HITPOINT WARNING * * *
You feel very sick. The water moccasin bites you!
You die...

Action                   |  1- 3 |  4- 6 |  7- 9 || total
-------------------------+-------+-------+-------++-------
Melee: Hand axe          |   118 |    52 |       ||   170
       Tailslap          |    12 |    12 |    10 ||    34
       Whip              |       |    78 |    74 ||   152
Invok: Banish            |       |     1 |       ||     1
 Abil: Rolling Charge    |     4 |     1 |     3 ||     8
Evoke: Wand              |       |     1 |       ||     1
  Use: Potion            |       |       |     1 ||     1
 Stab: Sleeping          |     2 |       |     1 ||     3
Armor: Leather armour    |    42 |    41 |    20 ||   103
Dodge: Dodged            |    66 |    63 |    45 ||   174

Levels and vault maps discovered:
D:1:      sevenhm_arrival_forest_fort_small_4, layout_loops_cross,
          amethyst_killhole, minmay_misc_feat_rows, glass_columns_a
D:2:      layout_loops_ring
D:3:      layout_rooms, dreamdust_ecumenical_altar_sealed_demon,
          minmay_strange_pillars, minmay_misc_feat_tiny
D:4:      layout_layer_cave, minmay_temple_entry_statues,
          uniq_crazy_yiuf_cottage
D:5:      lemuel_ratsnest, layout_basic, small_statue_alley_b,
          serial_bayou_pond_a, st_stairs_2, uniq_sigmund, uniq_pikel

Notes
Turn   | Place    | Note
-------+----------+-------------------------------------------
     0 | Abyss:1  | sanka the Palentonga Abyssal Knight began the quest for the
                  | Orb.
     0 | Abyss:1  | Reached XP level 1. HP: 19/19 MP: 2/2
    14 | D:1      | Escaped the Abyss
   256 | D:1      | Reached XP level 2. HP: 25/25 MP: 4/4
   319 | D:1      | Reached skill level 3 in Invocations
   936 | D:1      | Reached ** piety under Lugonu
  1053 | D:2      | Reached XP level 3. HP: 31/31 MP: 5/5
  1177 | D:2      | Reached skill level 4 in Invocations
  2089 | D:3      | Reached XP level 4. HP: 36/37 MP: 7/7
  2106 | D:3      | Reached *** piety under Lugonu
  2469 | D:3      | Found a faded altar of an unknown god.
  2469 | D:3      | Noticed a rust devil
  2542 | D:3      | Reached skill level 5 in Invocations
  2616 | D:4      | Noticed a scorpion
  2625 | D:4      | Killed a scorpion
  2626 | D:4      | Reached XP level 5. HP: 20/43 MP: 7/9
  2927 | D:4      | Found a staircase to the Ecumenical Temple.
  2965 | D:4      | Reached skill level 6 in Invocations
  3214 | D:4      | HP: 3/43 [gnoll shaman (12)]
  3677 | D:4      | Reached skill level 7 in Invocations
  3677 | D:4      | Reached XP level 6. HP: 31/50 MP: 11/11
  4228 | D:4      | Found a runed translucent door.
  4229 | D:4      | Noticed Crazy Yiuf
  4238 | D:4      | Killed Crazy Yiuf
  4307 | D:5      | Entered Level 5 of the Dungeon
  4459 | D:5      | Reached skill level 8 in Invocations
  4459 | D:5      | Reached skill level 1 in Dodging
  4475 | D:4      | Gained mutation: You curl defensively after being hit.
                  | [Palentonga growth]
  4475 | D:4      | Reached XP level 7. HP: 25/55 MP: 9/13
  4553 | D:5      | Reached skill level 2 in Dodging
  4623 | D:5      | Reached skill level 4 in Fighting
  4841 | D:5      | Noticed Sigmund
  4852 | D:5      | Killed Sigmund
  4853 | D:5      | Reached skill level 3 in Dodging
  4870 | D:5      | HP: 5/58 [poisoned by a water moccasin]
  4870 | D:5      | Slain by a water moccasin

Vanquished Creatures
  Sigmund (D:5)
  A phantom (D:5)
  A scorpion (D:4)
  2 hounds (D:5)
  A jelly (D:5)
  A gnoll shaman (D:4)
  A bullfrog skeleton (D:4)
  An orc priest (D:5)
  Crazy Yiuf (D:4)
  A centaur skeleton (D:5)
  2 iguanas (D:5)
  2 orc wizards
  A killer bee zombie (D:4)
  A hound skeleton (D:4)
  5 gnolls
  A howler monkey skeleton (D:4)
  2 adders
  4 ufetubi
  An adder skeleton (D:4)
  2 dart slugs
  2 worms
  8 orcs
  7 ball pythons
  4 bats
  6 endoplasms
  2 giant cockroaches
  11 goblins
  7 hobgoblins
  7 jackals
  2 quokkas
  2 frilled lizards
  9 kobolds
  3 rats
102 creatures vanquished.

Vanquished Creatures (others)
  A demonic plant (D:3)
  A fungus (D:4)
  3 plants (D:5)
5 creatures vanquished.

Grand Total: 107 creatures vanquished
